% Time on Ice - NORTH DAKOTA HAWKS
Lines # - Real PCT - Wanted PCT - Time Play
Normal Forward
1 - 28% - 28% - 14:22
2 - 27% - 28% - 13:45
3 - 24% - 24% - 11:59
4 - 21% - 20% - 10:52
Normal Defense
1 - 35% - 35% - 17:57
2 - 34% - 35% - 17:12
3 - 22% - 18% - 11:28
4 - 9% - 12% - 4:21
PP Forward
1 - 46% - 50% - 1:50
2 - 54% - 50% - 2:08
PP Defense
1 - 53% - 50% - 2:07
2 - 47% - 50% - 1:51
PK Forward
1 - 49% - 50% - 2:17
2 - 51% - 50% - 2:24
PK Defense
1 - 48% - 50% - 2:14
2 - 52% - 50% - 2:27
PK3 Forward
1 - 0% - 50%
2 - 0% - 50%
PK3 Defense
1 - 0% - 50%
2 - 0% - 50%
44 Forward
1 - 0% - 50%
2 - 0% - 50%
44 Defense
1 - 0% - 50%
2 - 0% - 50%
Last Minute Offensive  - 0:23
Last Minute Defensive  - 0:00
Total
Forward - 60:00
Defense - 60:00
% Time on Ice - WINNIPEG BEAVERS
Lines # - Real PCT - Wanted PCT - Time Play
Normal Forward
1 - 33% - 34% - 16:48
2 - 29% - 32% - 14:42
3 - 25% - 27% - 12:41
4 - 12% - 7% - 6:15
Normal Defense
1 - 33% - 34% - 16:27
2 - 34% - 33% - 17:08
3 - 31% - 25% - 15:40
4 - 2% - 8% - 1:11
PP Forward
1 - 53% - 53% - 2:28
2 - 47% - 47% - 2:13
PP Defense
1 - 63% - 53% - 2:56
2 - 37% - 47% - 1:45
PK Forward
1 - 50% - 51% - 1:58
2 - 50% - 49% - 2:00
PK Defense
1 - 68% - 52% - 2:43
2 - 32% - 48% - 1:15
PK3 Forward
1 - 0% - 50%
2 - 0% - 50%
PK3 Defense
1 - 0% - 51%
2 - 0% - 49%
44 Forward
1 - 0% - 50%
2 - 0% - 50%
44 Defense
1 - 0% - 52%
2 - 0% - 48%
Last Minute Offensive  - 0:00
Last Minute Defensive  - 0:55
Total
Forward - 60:00
Defense - 60:00
Play-by-Play 1st period 0:01 of 1st period - David Krejci wins face-off versus Nick Suzuki in neutral zone. 0:09 of 1st period - Joe Pavelski is hit by Dougie Hamilton and loses puck. 1:17 of 1st period - Shot by Zack Kassian. 1:17 of 1st period - Deflect By Frank Vatrano. 1:17 of 1st period - Stopped by Linus Ullmark without a rebound. 1:18 of 1st period - Travis Zajac wins face-off versus Brandon Sutter in WINNIPEG BEAVERS zone. 1:33 of 1st period - Shot by Craig Smith. 1:33 of 1st period - Shot Blocked by Travis Zajac. 2:43 of 1st period - Ryan Carpenter is hit by Ondrej Palat. 3:42 of 1st period - Shot by Alex Killorn. 3:42 of 1st period - Shot Misses the Net. 3:44 of 1st period - Shot by Alex Killorn. 3:44 of 1st period - Shot Misses the Net. 3:46 of 1st period - Shot by Alex Killorn. 3:46 of 1st period - Shot Misses the Net. 4:10 of 1st period - Shot by Luke Kunin. 4:10 of 1st period - Stopped by Linus Ullmark without a rebound. 4:11 of 1st period - David Krejci wins face-off versus Brandon Sutter in WINNIPEG BEAVERS zone. 4:11 of 1st period - David Krejci is hit by Craig Smith. 4:23 of 1st period - Shot by David Krejci. 4:23 of 1st period - Deflect By Brad Marchand. 4:23 of 1st period - Stopped by Henrik Lundqvist without a rebound. 4:24 of 1st period - Cody Eakin wins face-off versus Travis Zajac in NORTH DAKOTA HAWKS zone. 4:50 of 1st period - Shot by Ryan Carpenter. 4:50 of 1st period - Stopped by Linus Ullmark without a rebound. 4:51 of 1st period - Brandon Sutter wins face-off versus Brad Marchand in WINNIPEG BEAVERS zone. 4:54 of 1st period - Shot by Craig Smith. 4:54 of 1st period - Shot Blocked by David Krejci. 4:56 of 1st period - Shot by Marc Staal. 4:56 of 1st period - Shot Misses the Net. 5:05 of 1st period - Minor Penalty to Justin Braun for Interference. 5:06 of 1st period - Mika Zibanejad wins face-off versus Nick Suzuki in WINNIPEG BEAVERS zone. 5:39 of 1st period - David Krejci is hit by Luke Kunin and loses puck. 5:44 of 1st period - Shot by Quinton Hughes. 5:44 of 1st period - Shot Misses the Net. 5:46 of 1st period - Shot by Alex Killorn. 5:46 of 1st period - Stopped by Linus Ullmark with a rebound. 5:48 of 1st period - Shot by Quinton Hughes. 5:48 of 1st period - Shot Blocked by Ian Cole. 6:02 of 1st period - Shot by Frank Vatrano. 6:02 of 1st period - Shot Misses the Net. 6:04 of 1st period - Shot by Marc Staal. 6:04 of 1st period - Shot Blocked by Kris Russell. 6:08 of 1st period - Shot by Zack Kassian. 6:08 of 1st period - Stopped by Linus Ullmark without a rebound. 6:09 of 1st period - Mika Zibanejad wins face-off versus Ryan Carpenter in WINNIPEG BEAVERS zone. 6:52 of 1st period - Shot by Travis Zajac. 6:52 of 1st period - Stopped by Henrik Lundqvist with a rebound. 7:20 of 1st period - Icing by Michael Raffl. 7:21 of 1st period - Steven Lorentz wins face-off versus Nick Suzuki in WINNIPEG BEAVERS zone. 8:04 of 1st period - Shot by Gustav Nyquist. 8:04 of 1st period - Stopped by Henrik Lundqvist with a rebound. 8:06 of 1st period - Shot by Kris Russell. 8:06 of 1st period - Shot Misses the Net. 8:08 of 1st period - Shot by Mika Zibanejad. 8:08 of 1st period - Stopped by Henrik Lundqvist without a rebound. 8:09 of 1st period - Brandon Sutter wins face-off versus David Krejci in NORTH DAKOTA HAWKS zone. 8:09 of 1st period - Brandon Sutter is hit by Brad Marchand. 8:15 of 1st period - Ian Cole is hit by Craig Smith. 8:31 of 1st period - Shot by David Krejci. 8:31 of 1st period - Shot Blocked by Jack Hughes. 8:33 of 1st period - Shot by Brad Marchand. 8:33 of 1st period - Goal by Brad Marchand - NORTH DAKOTA HAWKS : 0 - WINNIPEG BEAVERS : 1. 8:34 of 1st period - Nic Dowd wins face-off versus Mika Zibanejad in neutral zone. 9:39 of 1st period - Cody Eakin is hit by Kris Russell and loses puck. 11:05 of 1st period - Shot by Nick Suzuki. 11:05 of 1st period - Stopped by Linus Ullmark without a rebound. 11:06 of 1st period - David Krejci wins face-off versus Nic Dowd in WINNIPEG BEAVERS zone. 11:17 of 1st period - Icing by Ian Cole. 11:18 of 1st period - David Krejci wins face-off versus Nick Suzuki in WINNIPEG BEAVERS zone. 11:32 of 1st period - Off-side. 11:33 of 1st period - Nic Dowd wins face-off versus Brandon Tanev in neutral zone. 11:35 of 1st period - Frank Vatrano is hit by Dylan DeMelo and loses puck. 12:02 of 1st period - Shot by Zack Kassian. 12:02 of 1st period - Goal by Zack Kassian - NORTH DAKOTA HAWKS : 1 - WINNIPEG BEAVERS : 1. 12:03 of 1st period - Brandon Sutter wins face-off versus Brad Marchand in neutral zone. 12:06 of 1st period - Joe Pavelski is hit by Craig Smith and loses puck. 12:15 of 1st period - Shot by Jack Hughes. 12:15 of 1st period - Shot Misses the Net. 12:17 of 1st period - Shot by Jack Hughes. 12:17 of 1st period - Stopped by Linus Ullmark with a rebound. 12:19 of 1st period - Shot by Brandon Sutter. 12:19 of 1st period - Goal by Brandon Sutter - NORTH DAKOTA HAWKS : 2 - WINNIPEG BEAVERS : 1. 12:20 of 1st period - Cody Eakin wins face-off versus Steven Lorentz in neutral zone. 12:23 of 1st period - Shot by Ryan Carpenter. 12:23 of 1st period - Deflect By Matthew Nieto. 12:23 of 1st period - Shot Blocked by Dylan DeMelo. 12:26 of 1st period - Icing by Caleb Jones. 12:27 of 1st period - Nic Dowd wins face-off versus Steven Lorentz in WINNIPEG BEAVERS zone. 12:27 of 1st period - Frank Vatrano is hit by Caleb Jones and loses puck. 12:33 of 1st period - Nic Dowd is hit by Dylan DeMelo and loses puck. 12:38 of 1st period - Shot by Nic Dowd. 12:38 of 1st period - Shot Blocked by Caleb Jones. 12:40 of 1st period - Shot by Johnny Boychuk. 12:40 of 1st period - Stopped by Linus Ullmark without a rebound. 12:41 of 1st period - David Krejci wins face-off versus Brandon Sutter in WINNIPEG BEAVERS zone. 12:46 of 1st period - Shot by Joe Pavelski. 12:46 of 1st period - Stopped by Henrik Lundqvist with a rebound. 12:48 of 1st period - Shot by Brad Marchand. 12:48 of 1st period - Goal by Brad Marchand - NORTH DAKOTA HAWKS : 2 - WINNIPEG BEAVERS : 2. 12:49 of 1st period - Travis Zajac wins face-off versus Nic Dowd in neutral zone. 13:06 of 1st period - Shot by Brandon Tanev. 13:06 of 1st period - Shot Misses the Net. 13:08 of 1st period - Shot by Ian Cole. 13:08 of 1st period - Shot Misses the Net. 13:10 of 1st period - Shot by Travis Zajac. 13:10 of 1st period - Stopped by Henrik Lundqvist without a rebound. 13:11 of 1st period - David Krejci wins face-off versus Nick Suzuki in NORTH DAKOTA HAWKS zone. 13:24 of 1st period - Shot by David Krejci. 13:24 of 1st period - Shot Misses the Net. 13:36 of 1st period - Shot by Alex Killorn. 13:36 of 1st period - Deflect By Luke Kunin. 13:36 of 1st period - Shot Misses the Net. 15:06 of 1st period - Shot by Mika Zibanejad. 15:06 of 1st period - Stopped by Henrik Lundqvist with a rebound. 15:08 of 1st period - Shot by Ondrej Palat. 15:08 of 1st period - Stopped by Henrik Lundqvist without a rebound. 15:09 of 1st period - David Krejci wins face-off versus Nic Dowd in NORTH DAKOTA HAWKS zone. 15:21 of 1st period - Brad Marchand is hit by Johnny Boychuk and loses puck. 16:10 of 1st period - Shot by Brandon Sutter. 16:10 of 1st period - Stopped by Linus Ullmark with a rebound. 16:35 of 1st period - Shot by Brandon Tanev. 16:35 of 1st period - Stopped by Henrik Lundqvist without a rebound. 16:36 of 1st period - Cody Eakin wins face-off versus Mika Zibanejad in NORTH DAKOTA HAWKS zone. 16:49 of 1st period - Shot by Ondrej Palat. 16:49 of 1st period - Stopped by Henrik Lundqvist without a rebound. 16:50 of 1st period - Travis Zajac wins face-off versus Nic Dowd in NORTH DAKOTA HAWKS zone. 16:53 of 1st period - Shot by Travis Zajac. 16:53 of 1st period - Stopped by Henrik Lundqvist without a rebound. 16:54 of 1st period - Travis Zajac wins face-off versus Cody Eakin in NORTH DAKOTA HAWKS zone. 16:57 of 1st period - Shot by Sean Kuraly. 16:57 of 1st period - Stopped by Henrik Lundqvist with a rebound. 16:59 of 1st period - Shot by Sean Kuraly. 16:59 of 1st period - Shot Misses the Net. 17:01 of 1st period - Shot by Travis Zajac. 17:01 of 1st period - Stopped by Henrik Lundqvist without a rebound. 17:02 of 1st period - Cody Eakin wins face-off versus Travis Zajac in NORTH DAKOTA HAWKS zone. 17:13 of 1st period - Shot by Travis Zajac. 17:13 of 1st period - Shot Blocked by Johnny Boychuk. 17:31 of 1st period - Shot by Travis Zajac. 17:31 of 1st period - Stopped by Henrik Lundqvist with a rebound. 17:33 of 1st period - Shot by Travis Zajac. 17:33 of 1st period - Shot Blocked by Marc Staal. 17:41 of 1st period - Shot by Sean Kuraly. 17:41 of 1st period - Shot Blocked by Cody Eakin. 17:43 of 1st period - Shot by Brandon Tanev. 17:43 of 1st period - Shot Blocked by Johnny Boychuk. 18:19 of 1st period - Shot by Frank Vatrano. 18:19 of 1st period - Stopped by Linus Ullmark without a rebound. 18:20 of 1st period - Brandon Sutter wins face-off versus Mika Zibanejad in WINNIPEG BEAVERS zone. 18:20 of 1st period - Brandon Sutter is hit by Dylan DeMelo. 19:07 of 1st period - Icing by Mika Zibanejad. 19:08 of 1st period - Mika Zibanejad wins face-off versus Zack Kassian in WINNIPEG BEAVERS zone. 19:08 of 1st period - Mika Zibanejad is hit by Zack Kassian. 19:30 of 1st period - Shot by Joe Pavelski. 19:30 of 1st period - Stopped by Henrik Lundqvist with a rebound. 19:32 of 1st period - Shot by Joe Pavelski. 19:32 of 1st period - Deflect By Brad Marchand. 19:32 of 1st period - Shot Blocked by Ryan Lindgren. 19:34 of 1st period - Shot by Ian Cole. 19:34 of 1st period - Shot Misses the Net. 19:36 of 1st period - Shot by Joe Pavelski. 19:36 of 1st period - Shot Misses the Net. 19:38 of 1st period - Shot by Justin Braun. 19:38 of 1st period - Stopped by Henrik Lundqvist with a rebound. 19:40 of 1st period - Shot by Brad Marchand. 19:40 of 1st period - Stopped by Henrik Lundqvist without a rebound. 19:41 of 1st period - Travis Zajac wins face-off versus Cody Eakin in NORTH DAKOTA HAWKS zone. 19:48 of 1st period - Off-side. 19:49 of 1st period - David Krejci wins face-off versus Nick Suzuki in neutral zone. Goals for this period are 2 for NORTH DAKOTA HAWKS vs 2 for WINNIPEG BEAVERS. Shots for this period are 12 for NORTH DAKOTA HAWKS vs 19 for WINNIPEG BEAVERS. 2nd period 0:01 of 2nd period - Travis Zajac wins face-off versus Brandon Sutter in neutral zone. 0:12 of 2nd period - Shot by Brandon Tanev. 0:12 of 2nd period - Shot Misses the Net. 0:38 of 2nd period - Shot by Craig Smith. 0:38 of 2nd period - Stopped by Linus Ullmark without a rebound. 0:39 of 2nd period - David Krejci wins face-off versus Nic Dowd in WINNIPEG BEAVERS zone. 0:39 of 2nd period - David Krejci is hit by Nic Dowd. 0:45 of 2nd period - Joe Pavelski is hit by Nic Dowd and loses puck. 1:03 of 2nd period - Brad Marchand is hit by Nic Dowd and loses puck. 1:21 of 2nd period - Icing by Marc Staal. 1:22 of 2nd period - Mika Zibanejad wins face-off versus Nic Dowd in NORTH DAKOTA HAWKS zone. 1:22 of 2nd period - Mika Zibanejad is hit by Johnny Boychuk. 1:27 of 2nd period - Gustav Nyquist is hit by Johnny Boychuk and loses puck. 1:52 of 2nd period - Mika Zibanejad is hit by Marc Staal and loses puck. 2:17 of 2nd period - Shot by Ryan Carpenter. 2:17 of 2nd period - Stopped by Linus Ullmark without a rebound. 2:18 of 2nd period - Travis Zajac wins face-off versus Nick Suzuki in WINNIPEG BEAVERS zone. 2:18 of 2nd period - Travis Zajac is hit by Luke Kunin. 2:25 of 2nd period - Shot by Luke Kunin. 2:25 of 2nd period -